Map: Frost LE

Players

LiquidBunny (Bunny)

  • Race: Terran Terran
  • League: Master

LiquidSnute (Snute) - Winner!

  • Race: Zerg Zerg

Event: DreamHack ZOWIE Open Valencia 2016

VOD

Have the link to the VOD?

Description

Time

  • Played on: July 14, 2016, 3:10 p.m.
  • Length: 15:14

All games in this series

Show
View Real Time Build Order
Export as new Build Order

LiquidBunny Terran 

Build Orders: Reaper Expand, Bio Tank 

Get SALT Encoding   

  12  0:00  SCV  
  13  0:12  SCV  
  14  0:17  Supply Depot  
  14  0:24  SCV  
  15  0:38  SCV  
  15  0:41  Barracks  
  16  0:44  Refinery  
  16  0:50  SCV  
  17  1:03  SCV  
  18  1:15  SCV  
  19  1:28  Orbital Command  
  19  1:31  Reaper  
  20  1:40  Command Center  
  20  1:50  Supply Depot  
  20  1:54  SCV  
  21  2:03  Reaper  
  21  2:06  SCV  
  23  2:18  SCV  
  23  2:22  Command Center  
  24  2:30  SCV  
  24  2:32  Barracks  
  25  2:38  Barracks Reactor  
  25  2:42  SCV  
  26  2:54  SCV, Barracks  
  26  2:55  Orbital Command  
  27  3:06  SCV  
  27  3:07  Refinery  
  28  3:17  Factory  
  28  3:18  SCV  
  28  3:19  Marine  
  29  3:20  Barracks Tech Lab  
  29  3:21  Marine  
  29  3:23  SCV  
  32  3:31  SCV  
  34  3:35  SCV  
  34  3:40  Orbital Command  
  34  3:43  Stimpack, SCV  
  34  3:45  Barracks Reactor  
  34  3:47  SCV  
  36  3:49  Marine  
  36  3:50  Marine  
  36  3:52  Marine  
  36  3:55  SCV  
  40  4:00  SCV  
  41  4:04  Supply Depot  
  41  4:06  Starport  
  41  4:07  SCV x2, Marine  
  44  4:13  SCV  
  44  4:14  Marine x2  
  44  4:15  Factory Reactor  
  45  4:19  SCV  
  45  4:22  SCV  
  47  4:24  Engineering Bay  
  47  4:25  SCV, Marine  
  47  4:28  Engineering Bay  
  49  4:33  Supply Depot  
  49  4:34  Marine, SCV  
  49  4:35  Marine  
  49  4:36  Marine x2  
  54  4:39  SCV  
  54  4:43  Marine  
  57  4:45  SCV  
  57  4:47  SCV, Refinery  
  57  4:48  Refinery  
  57  4:50  Supply Depot  
  57  4:51  SCV  
  59  4:58  Marine x2  
  61  5:00  Terran Infantry Weapons Level 1  
  61  5:01  Marine, Terran Infantry Armor Level 1  
  61  5:02  Marine  
  61  5:05  Orbital Command  
  63  5:07  SCV  
  63  5:09  Marine, Medivac  
  63  5:13  Supply Depot  
  67  5:15  Marine  
  67  5:16  Marine  
  67  5:17  SCV  
  67  5:18  Marine  
  67  5:19  SCV  
  67  5:20  Marine, Medivac  
  75  5:29  SCV  
  75  5:30  SCV  
  75  5:32  Marine, SCV  
  75  5:33  Marine  
  80  5:35  Marine  
  80  5:36  Marine  
  80  5:38  Bunker  
  80  5:42  SCV x2, Armory  
  84  5:44  Supply Depot  
  84  5:45  Refinery  
  84  5:47  SCV  
  85  5:53  Marine  
  85  5:54  SCV  
  85  5:55  SCV  
  87  5:57  Factory Tech Lab  
  87  5:59  SCV  
  87  6:01  Barracks  
  88  6:05  Barracks  
  88  6:06  SCV  
  88  6:07  SCV  
  88  6:11  Marine x2, SCV  
  90  6:12  Supply Depot, Combat Shields  
  90  6:16  Siege Tank  
  90  6:18  SCV  
  97  6:19  SCV, Marine x2  
  97  6:23  SCV  
  101  6:30  Supply Depot  
  101  6:31  Marine, Medivac x2, SCV  
  101  6:32  Marine  
  108  6:36  Marine  
  108  6:37  Marine x2  
  108  6:40  SCV  
  109  6:48  Factory  
  109  6:49  Marine  
  109  6:50  Marine  
  112  6:55  Marine, Siege Tank  
  112  6:56  Supply Depot x2, Barracks Reactor x2  
  112  6:58  Terran Infantry Weapons Level 2  
  115  7:01  Terran Infantry Armor Level 2  
  115  7:04  Marine x2  
  117  7:09  Marine  
  117  7:13  Marine x2  
  120  7:20  Supply Depot x2, Terran Vehicle Weapons Level 1  
  120  7:21  Marine  
  120  7:22  Marine  
  122  7:27  Marine, Medivac, Siege Tank  
  128  7:31  Marine, Medivac  
  128  7:33  Marine x2  
  133  7:38  Marine x2  
  133  7:42  Marine  
  133  7:44  SCV  
  134  7:48  Marine  
  135  7:53  Marine  
  135  7:57  Marine  
  125  8:00  Marine x6  
  125  8:01  Siege Tank  
  125  8:02  Factory Tech Lab  
  129  8:06  Marine  
  129  8:10  SCV  
  129  8:11  Marine  
  132  8:13  Medivac  
  132  8:15  Marine  
  132  8:17  Medivac, Command Center  
  132  8:18  Marine x5  
  142  8:22  Marine  
  142  8:24  Marine  
  144  8:29  Marine  
  144  8:32  Marine  
  144  8:33  Siege Tank  
  148  8:35  Marine  
  148  8:36  Marine x2  
  148  8:38  Siege Tank  
  154  8:44  Marine x2  
  154  8:47  Marine  
  154  8:48  Supply Depot, Barracks x2  
  157  8:49  Supply Depot, Marine x2  
  159  9:00  Marine  
  160  9:03  Marine x2  
  160  9:04  Marine  
  160  9:08  Marine  
  164  9:10  Marine, Siege Tank x2  
  163  9:20  Marine x2  
  163  9:23  Marine  
  147  9:33  Marine x2  
  147  9:37  Terran Infantry Weapons Level 3, Terran Infantry Armor Level 3  
  147  9:38  Marine x6  
  124  9:41  Marine  
  124  9:42  Planetary Fortress  
  124  9:45  Siege Tank x2  
  132  9:48  Barracks Tech Lab x2  
  132  9:51  Marine x2  
  130  9:55  Marine  
  130  9:56  Marine x3, Marauder  
  130  9:58  Marine  
  123  10:02  Marine  
  123  10:06  Medivac x2  
  105  10:07  Marine x2  
  105  10:09  Marine x2  
  105  10:13  Marine x2  
  105  10:14  Marine x2  
  109  10:16  Marine  
  109  10:18  Marauder  
  109  10:20  Marine, Refinery  
  114  10:22  Refinery, Concussive Shells  
  114  10:24  Siege Tank  
  114  10:25  Marauder x2  
  114  10:27  Marine x2  
  123  10:31  Marine x3  
  123  10:32  Marine  
  123  10:34  Marine, Siege Tank  
  131  10:38  Marine  
  131  10:39  Marauder  
  134  10:45  Marine x2  
  134  10:46  Marauder x2  
  134  10:49  Marine x4  
  143  10:51  Marine  
  143  10:56  Marine, Siege Tank  
  146  11:01  Marauder  
  146  11:02  Marine  
  146  11:03  Marine  
  141  11:06  Siege Tank  
  141  11:07  Marine x4  
  141  11:08  Marauder x2  
  152  11:15  Medivac x2  
  152  11:18  Marine x2  
  156  11:22  Marauder  
  159  11:29  Marine, Marauder, Siege Tank  
  159  11:30  Marauder  
  166  11:34  Marine x3  
  166  11:35  Marine x2  
  167  11:43  Marauder  
  167  11:45  Medivac x2  
  170  11:47  Marine x2  
  170  11:48  Marine  
  170  11:51  Marauder x2  
  170  11:52  Marine  
  170  11:53  SCV  
  174  11:58  Marine x3  
  174  12:00  Marine  
  175  12:04  Marine  
  175  12:05  Marine, Marauder  
  175  12:10  Marine  
  175  12:11  Marine  
  175  12:12  Marauder  
  175  12:13  Marauder  
  176  12:16  Marine  
  176  12:20  Terran Ship Weapons Level 1  
  177  12:25  Starport  
  177  12:26  Marauder  
  179  12:34  Marine, Marauder  
  165  12:38  Marine, Marauder  
  152  12:46  Marine x2  
  152  12:47  Marine, Marauder, Medivac x2  
  149  12:52  Marine x3  
  149  12:56  Marauder  
  139  13:03  Marine x2  
  139  13:04  Marine, Marauder  
  129  13:08  Starport Reactor  
  129  13:09  Starport  
  129  13:10  Marine x2  
  129  13:11  Marine x2  
  129  13:12  Marauder  
  135  13:18  Marine  
  135  13:19  Marine  
  128  13:21  Marine x2  
  128  13:25  Marauder  
  121  13:28  Marine x2  
  121  13:33  Viking x2  
  123  13:34  Marine  
  124  13:44  Marine x3, Marauder, Liberator  
  127  13:50  Marine  
  127  13:51  Marine  
  125  13:56  Marine x2  
  125  13:57  Marine  
  125  13:58  Liberator  
  125  13:59  Liberator  
  113  14:08  Marine x2  
  113  14:11  Marine  
  118  14:18  Marauder  
  116  14:30  Marine x2  
  117  14:33  Marine  
  117  14:34  Marine x3  
  113  14:38  Marine x2  
  113  14:40  Marauder  
  113  14:44  Viking x2  
  118  14:48  Marine  
  104  14:55  Marine  
Show
View Real Time Build Order
Export as new Build Order

LiquidSnute Zerg - Winner!

Build Orders: Hatch First 

Get SALT Encoding   

  12  0:00  Drone  
  13  0:12  Overlord  
  13  0:17  Drone  
  14  0:30  Drone x2  
  14  0:34  Drone  
  17  0:51  Hatchery  
  17  0:54  Drone  
  17  0:58  Drone  
  17  0:59  Extractor  
  17  1:13  Spawning Pool  
  17  1:17  Drone  
  17  1:20  Drone  
  18  1:27  Drone  
  19  1:38  Overlord  
  19  2:00  Zergling x4, Metabolic Boost, Queen  
  23  2:05  Queen  
  25  2:10  Drone  
  26  2:15  Overlord  
  26  2:21  Drone  
  27  2:29  Drone x2  
  29  2:32  Drone  
  29  2:36  Pneumatized Carapace  
  30  2:40  Drone  
  31  2:46  Queen  
  31  2:49  Drone  
  34  2:52  Drone  
  34  2:54  Drone  
  34  2:57  Drone  
  37  3:04  Overlord  
  37  3:08  Drone x4  
  37  3:12  Zergling x4  
  43  3:14  Drone  
  44  3:21  Overlord  
  44  3:36  Drone x3  
  44  3:39  Hatchery  
  44  3:40  Zergling x6  
  48  3:43  Drone x2  
  48  3:44  Drone  
  51  3:49  Queen  
  51  3:54  Queen  
  55  4:01  Overlord  
  55  4:02  Drone x2  
  57  4:03  Drone  
  57  4:04  Drone  
  58  4:14  Drone x2  
  60  4:20  Drone  
  60  4:21  Drone  
  60  4:22  Evolution Chamber x2  
  60  4:25  Drone, Overlord  
  60  4:29  Drone x3  
  64  4:37  Overlord  
  64  4:38  Drone  
  64  4:43  Queen x2  
  69  4:46  Drone  
  69  4:48  Drone  
  69  4:49  Drone x2  
  69  4:51  Zerg Ground Armor Level 1  
  73  4:54  Drone x2  
  73  4:57  Zerg Missile Weapons Level 1  
  73  4:58  Drone x2  
  73  4:59  Drone  
  78  5:02  Drone x2  
  78  5:04  Drone  
  81  5:11  Overlord, Queen  
  81  5:12  Drone  
  81  5:13  Drone  
  85  5:14  Extractor  
  85  5:15  Extractor  
  85  5:16  Extractor  
  85  5:17  Roach Warren  
  85  5:20  Extractor  
  80  5:21  Extractor  
  80  5:25  Drone x7  
  86  5:31  Drone x3  
  86  5:35  Lair  
  89  5:36  Drone x2  
  89  5:42  Drone  
  92  5:46  Drone  
  93  5:51  Overlord  
  93  5:53  Overlord  
  93  5:55  Queen x2  
  94  5:57  Overlord  
  94  5:58  Overlord  
  96  6:04  Roach  
  96  6:07  Spore Crawler  
  96  6:09  Roach x2, Spore Crawler, Overlord  
  96  6:10  Roach x2  
  102  6:16  Roach x4  
  110  6:21  Roach x3  
  116  6:29  Hatchery  
  116  6:31  Queen  
  116  6:32  Glial Reconstitution  
  117  6:33  Infestation Pit  
  108  6:42  Roach x5  
  108  6:46  Zerg Ground Armor Level 2  
  118  6:52  Drone x5  
  123  6:58  Zerg Missile Weapons Level 2  
  123  7:09  Infestor x2  
  127  7:16  Roach x5  
  127  7:18  Overlord  
  127  7:19  Drone  
  138  7:24  Overlord  
  138  7:28  Extractor  
  138  7:29  Extractor  
  136  7:30  Ravager x2  
  137  7:37  Roach x4  
  137  7:40  Overlord  
  137  7:41  Drone x4  
  139  7:59  Drone x2  
  141  8:06  Drone x4  
  141  8:07  Drone x2  
  141  8:08  Roach x2  
  141  8:09  Overlord  
  141  8:10  Overlord x3  
  149  8:17  Overlord x2  
  149  8:20  Hive  
  149  8:24  Spore Crawler  
  149  8:25  Roach  
  149  8:26  Roach, Spore Crawler  
  149  8:35  Roach x5  
  149  8:36  Roach x7  
  149  8:38  Ravager x4  
  149  8:39  Ravager x3  
  149  8:40  Ravager x2  
  182  8:47  Roach  
  182  8:48  Roach x5  
  194  8:57  Spore Crawler  
  194  8:59  Spire  
  190  9:20  Ravager  
  190  9:21  Ravager  
  190  9:22  Ravager x2  
  165  9:39  Zerg Missile Weapons Level 3, Zerg Ground Armor Level 3  
  165  9:40  Drone x2  
  165  9:41  Zergling x32  
  165  9:42  Zergling x2  
  132  10:08  Roach x9  
  132  10:09  Roach  
  134  10:16  Greater Spire  
  134  10:23  Roach  
  134  10:24  Roach x6  
  148  10:33  Roach  
  148  10:34  Roach x8, Hatchery  
  165  10:43  Infestor x2  
  165  10:45  Corruptor x4  
  165  10:46  Corruptor  
  178  10:56  Corruptor x2  
  167  11:15  Ravager  
  167  11:16  Ravager x4  
  170  11:35  Extractor  
  170  11:37  Extractor  
  174  11:47  Brood Lord x2  
  174  11:48  Brood Lord x2  
  174  11:49  Brood Lord  
  178  11:54  Roach x5  
  178  11:55  Roach  
  178  12:07  Roach  
  178  12:08  Roach x10  
  197  12:30  Roach x3  
  181  12:38  Roach  
  181  12:39  Roach x16  
  183  12:48  Roach x14  
  183  12:49  Roach x3  
  194  13:10  Ravager x3  
  194  13:12  Ravager  
  191  13:30  Queen x4  
  191  13:34  Roach x3  
  197  13:46  Roach  
  197  13:48  Ravager  
  188  14:06  Ravager x6  
  190  14:11  Roach  
  190  14:12  Roach x4  
  199  14:17  Hatchery  
  199  14:20  Roach  
  191  14:36  Zergling x2, Roach x2  
  191  14:37  Roach x5  
  180  14:59  Ravager x3  

Tags
 
Add a new tag
Caveats
  • Supply blocks, unpowered buildings, or Contaminate may cause inaccurate times.
  • Supply counts are checked every 10 seconds.